 Dungeon Crawl Stone Soup version 0.31-a0-523-g071a6c1ffa (webtiles) character file.

Game seed: 12528473488464152121

659 LeprechaunX the Changeling (level 7, -1/46 HPs)
             Began as an Octopode Shapeshifter on Aug 12, 2023.
             Slain by an orc
             ... wielding a +0 trident
              (7 damage)
             ... on level 4 of the Dungeon.
             The game lasted 00:07:48 (3853 turns).

LeprechaunX the Changeling (Octopode Shapeshifter)  Turns: 3853, Time: 00:07:48

Health: -1/46      AC:  1    Str: 17    XL:     7   Next: 55%
Magic:  7/7        EV: 13    Int: 10    God:
Gold:   314        SH:  0    Dex: 12    Spells: 6/6 levels left

rFire   . .          .
                       - Unarmed
rCold   . . .        (no shield)
rNeg    . . .        (helmet currently unavailable)
rPois   .            (no amulet)
rElec   .            e - ring of see invisible
rCorr   .            (no ring)
SInv    +            (no ring)
Will    .....        (no ring)
Stlth   ++           (no ring)
HPRegen 0.27/turn    (no ring)
MPRegen 0.10/turn    (no ring)
                     (no ring)

%: no passive effects
@: beast-form
A: beast (slay +3), almost no armour, amphibious, 8 rings, camouflage 1,
gelatinous body 1, (nimble swimmer 1), tentacles
a: Begin Untransformation


You were on level 4 of the Dungeon.
You were a hulking beast.
You visited 1 branch of the dungeon, and saw 4 of its levels.
You also visited: Sewer.

You collected 314 gold pieces.

Inventory:

Hand Weapons
 v - a +0 sling
Armour
 x - a +2 hat of willpower
Jewellery
 e - a ring of see invisible (left tentacle)
 k - a ring of ice
Talismans
 b - a beast talisman (active)
 c - a flux talisman
 h - a granite talisman
Wands
 w - a wand of flame (13)
Scrolls
 d - 3 scrolls of revelation {unknown}
 g - 2 scrolls of fog {unknown}
 j - 2 scrolls of noise {unknown}
 l - 4 scrolls of identify {unknown}
 m - a scroll of torment {unknown}
 n - a scroll of blinking {unknown}
 q - a scroll of enchant weapon {unknown}
 r - a scroll of summoning {unknown}
Potions
 a - a potion of lignification
 f - 4 potions of curing {unknown}
 i - a potion of ambrosia {unknown}
 o - 2 potions of heal wounds {unknown}
 p - a potion of might {unknown}
 s - a potion of experience {unknown}
 t - 2 potions of invisibility {unknown}
 u - 2 potions of resistance {unknown}


   Skills:
 - Level 3.0 Fighting
 - Level 3.0 Dodging
 - Level 5.0 Unarmed Combat
 * Level 5.7 Shapeshifting


You had 6 spell levels left.
You didn't know any spells.
Your spell library contained the following spells:

 Spells                   Type           Power      Damage    Failure   Level
 Apportation              Tloc           0%         N/A       36%         1
 Ensorcelled Hibernation  Hex/Ice        0%         N/A       50%         2
 Passwall                 Tmut/Erth      0%         N/A       50%         2
 Swiftness                Air            0%         N/A       75%         3
 Alistair's Intoxication  Tmut/Pois      0%         N/A       100%        5


Dungeon Overview and Level Annotations

Branches:
Dungeon (4/15)              Sewer (visited)
 Temple: D:4-7

Altars:
Trog
Uskayaw
Xom

Shops:
D:3 (

Annotations:
D:4 Dowan


Innate Abilities, Weirdness & Mutations

You are a hulking beast.
Your limbs bulge with bestial killing power. (Slay +3)
You cannot wear most types of armour.
You are amphibious.
You can wear up to eight rings at the same time.
Your skin changes colour to match your surroundings (Stealth+).
Your rubbery body absorbs attacks. (AC +1, EV +1)
((You are camouflaged when in or above water. (Stealth+)))
You have tentacles for arms and can constrict up to eight enemies at once.


Message History

You squeeze the iguana.
The iguana is almost dead.
You constrict the iguana.
You kill the iguana!
The orc shouts!
You hear a shout! x2; You hear an angry hiss.
The orc closely misses you.
You tentacle-slap the orc.
You kill the orc!
The orc wizard gestures at you while chanting.
You are confused.
You bump into the rock wall.
The orc hits you from afar with a +0 trident.
The orc wizard casts a spell at you. The puff of flame misses you.
Unknown command.
You bump into the rock wall.
The orc hits you from afar with a +0 trident.
You bump into the rock wall.
The orc barely misses you.
The orc wizard hits you with a +0 dagger.
You barely miss the orc wizard.
The orc hits you from afar with a +0 trident.
The orc wizard hits you with a +0 dagger.
You tentacle-slap the orc wizard.
The orc wizard is moderately wounded.
The orc hits you from afar with a +0 trident!
* * * LOW HITPOINT WARNING * * *
The orc wizard hits you with a +0 dagger.
* * * LOW HITPOINT WARNING * * *
Unknown command.
You tentacle-slap the orc wizard. Your squeeze misses the orc wizard.
The orc wizard is heavily wounded.
The orc hits you from afar with a +0 trident.
* * * LOW HITPOINT WARNING * * *
The orc wizard closely misses you.
Unknown command.
You barely miss the orc wizard.
The orc wizard is heavily wounded.
You feel less confused.
The orc hits you from afar with a +0 trident!
You die...

#.....####.#.####.#
#.(...[.o)w.......#
#....<.###.#.####.#
## #.....## #.#.# .##
#.....# #.#.# ..##
###.### #.#.# #..#
####.# #.#.###. #.
##.#
#.)..######..........
#(# #.##.....hoo..#
#...# #.#
#.###########.###.#.#
#.# #.# #.##....# #.#
#.# ##.......##
##.#####.##
#.........#
..........#####
#......<..#
#...##).........
..........#
....###...######
#.##.....##
#...###...##
#.###....#


You could see an orc wizard and an orc.

Vanquished Creatures
  Sigmund (D:4)
  2 bullfrogs (Sewer)
  An orc priest (D:3)
  Ijyb (D:3)
  2 iguanas (D:4)
  10 adders
  2 river rats (Sewer)
  A worm (D:4)
  6 dart slugs
  7 orcs
  17 ball pythons
  5 endoplasms
  9 giant cockroaches
  16 goblins
  11 hobgoblins
  3 jackals (D:3)
  7 quokkas
  5 bats
  6 frilled lizards
  10 kobolds
  25 rats
147 creatures vanquished.

Vanquished Creatures (others)
  A hobgoblin (D:3)
1 creature vanquished.

Grand Total: 148 creatures vanquished

Notes
Turn   | Place    | Note
-------+----------+-------------------------------------------
     0 | D:1      | LeprechaunX the Octopode Shapeshifter began the quest for
                  | the Orb.
     0 | D:1      | Reached XP level 1. HP: 13/13 MP: 1/1
   315 | D:1      | Reached XP level 2. HP: 11/18 MP: 2/2
   674 | D:2      | Reached XP level 3. HP: 18/23 MP: 3/3
  1402 | D:2      | Found a faded altar of an unknown god.
  1611 | D:3      | Found a shimmering altar of Xom.
  1653 | D:3      | Reached XP level 4. HP: 27/29 MP: 4/4
  1741 | D:3      | Found a glowing drain.
  1765 | Sewer    | Entered a sewer
  2043 | Sewer    | Reached XP level 5. HP: 34/34 MP: 5/5
  2267 | Sewer    | Reached XP level 6. HP: 41/41 MP: 6/6
  2434 | D:3      | Found Cadgh's Antique Weapon Boutique.
  2522 | D:3      | Found a hide-covered altar of Uskayaw.
  2915 | D:3      | Noticed Ijyb
  2924 | D:3      | Killed Ijyb
  3151 | D:4      | Noticed Sigmund
  3153 | D:4      | Reached XP level 7. HP: 39/46 MP: 7/7
  3160 | D:4      | Killed Sigmund
  3161 | D:4      | Reached skill level 5 in Shapeshifting
  3164 | D:4      | Noticed Dowan
  3341 | D:4      | Found a bloodstained altar of Trog.
  3612 | D:4      | Reached skill level 5 in Unarmed Combat
  3853 | D:4      | Slain by an orc

Illustrated notes

Levels and vault maps discovered:
D:1:      wheals_arrival_shading, layout_basic
D:2:      layout_basic, shapermc_ecumenical_altar_mp_vishouse
D:3:      kennysheep_goblin_castle, layout_loops_ring, xom_confusion_cloud,
          nicolae_uskayaw_dance_hall, portal_sewer_entry_f, serial_shops,
          nicolae_shop_tiny_glass, minivault_19, grunt_ministairs_3,
          minmay_distorted
D:4:      minmay_polygon_palace, layout_loops_ring, tgw_sif, bloody_makhleb,
          lightli_temple_of_fire, uniq_sigmund, uniq_blork_the_orc,
          uniq_duvessa, uniq_pikel

Skill      XL: |  1  2  3  4  5  6  7 |
---------------+----------------------+-----
Fighting       | 2 3 |  3.0
Dodging        | 3 |  3.0
Shapeshifting  | 4 5 |  5.7
Unarmed Combat | 4 5 |  5.0

Action                     |  1- 3 |  4- 6 |  7- 9 || total
---------------------------+-------+-------+-------++-------
  Melee: Unarmed           |    66 |   144 |    37 ||   247
         Constrict         |    24 |    28 |    12 ||    64
         Tentacles         |    12 |    18 |    10 ||    40
         Punch             |     3 |     5 |     2 ||    10
    Use: Potion            |       |     1 |       ||     1
   Stab: Sleeping          |     8 |     6 |     4 ||    18
         Distracted        |       |     1 |     1 ||     2
 Armour: Skin              |     3 |   102 |     2 ||   107
  Dodge: Dodged            |    29 |    80 |    20 ||   129

Table legend: (Time is in decaauts)
 A = Elapsed time spent in this place.
 B = Non-inter-level travel time spent in this place.
 C = Inter-level travel time spent in this place.
 D = Time resting spent in this place.
 E = Time spent auto-exploring this place.
 F = Levels seen in this place.
 G = Mean time per level.
                   A        B        C        D        E       F      G
               +--------+--------+--------+--------+--------+-----+--------+
         Total |   3833 |   3660 |    173 |    566 |   2055 |   5 |  766.6 |
       Dungeon |   3243 |   3070 |    173 |    336 |   1935 |   4 |  810.8 |
         Sewer |    589 |    589 |      0 |    230 |    120 |   1 |  589.0 |
               +--------+--------+--------+--------+--------+-----+--------+

Top non-repeatable levels by time:
     D:3: 1161 daAuts
     D:2: 868 daAuts
     D:1: 629 daAuts
   Sewer: 589 daAuts
     D:4: 584 daAuts
